 Dungeon Crawl Stone Soup version 0.31-a0-329-g52107efa6a (webtiles) character file.

Game seed: 8191583390169918875

20309 AdnanSaban the Basher (level 12, -4/80 HPs)
             Began as a Gargoyle Fighter on July 19, 2023.
             Was a High Priest of Okawaru.
             Slain by a fire crab (21 damage)
             ... on level 1 of the Lair of Beasts.
             The game lasted 00:31:59 (13496 turns).

AdnanSaban the Basher (Gargoyle Fighter)           Turns: 13496, Time: 00:31:59

Health: -4/80      AC: 32    Str: 25    XL:     12   Next: 78%
Magic:  12/12      EV:  7    Int:  9    God:    Okawaru [*****.]
Gold:   879        SH:  0    Dex:  9    Spells: 11/11 levels left

rFire   x . .        u - +3 dire flail
rCold   + . .        (shield currently unavailable)
rNeg    + . .        m - +0 plate armour
rPois   ∞            r - +0 helmet
rElec   +            g - +0 cloak
rCorr   .            (no gloves)
SInv    .            x - +0 pair of boots
Will    .....        L - amulet of regeneration Stlth
                     n - +4 ring of protection
HPRegen 1.13/turn    M - ring of ice
MPRegen 0.13/turn

%: no passive effects
@: no status effects
A: sickness immunity, AC +8, negative energy resistance 1, electricity
resistance, torment resistance 1, petrification resistance
a: Renounce Religion, Heroism, Finesse, Duel


You were on level 1 of the Lair of Beasts.
You worshipped Okawaru.
Okawaru was extremely pleased with you.
You visited 3 branches of the dungeon, and saw 16 of its levels.

You collected 879 gold pieces.

Inventory:

Hand Weapons
 u - a +3 dire flail (weapon)
 y - a +0 dire flail
 I - a +3 flail
Missiles
 a - a silver boomerang (quivered)
Armour
 c - a +0 buckler
 g - a +0 cloak (worn)
 m - a +0 plate armour (worn)
 r - a +0 helmet (worn)
 x - a +0 pair of boots (worn)
Jewellery
 n - a +4 ring of protection (left hand)
 J - a ring of positive energy
 K - an amulet of guardian spirit
 L - an amulet of regeneration (around neck)
 M - a ring of ice (right hand)
 O - a ring of fire
 T - a ring of ice
Wands
 B - a wand of roots (11)
 G - a wand of flame (29)
 H - a wand of mindburst (8)
 Q - a wand of acid (6)
 R - a wand of polymorph (6)
 U - a wand of digging (2)
Scrolls
 b - 3 scrolls of poison {unknown}
 i - a scroll of summoning {unknown}
 j - a scroll of fog {unknown}
 k - 4 scrolls of fear {unknown}
 l - a scroll of immolation {unknown}
 o - 4 scrolls of teleportation {unknown}
 p - 7 scrolls of identify
 q - 2 scrolls of brand weapon {unknown}
 s - a scroll of blinking {unknown}
 t - a scroll of enchant armour {unknown}
 v - 3 scrolls of revelation {unknown}
 C - a scroll of torment {unknown}
 D - a scroll of silence {unknown}
 F - 3 scrolls of vulnerability {unknown}
 S - 2 scrolls of noise {unknown}
 V - 2 scrolls of amnesia {unknown}
Potions
 d - a potion of might
 e - 2 potions of berserk rage {unknown}
 f - 2 potions of haste {unknown}
 h - 7 potions of curing {unknown}
 w - 2 potions of magic {unknown}
 z - 3 potions of enlightenment {unknown}
 A - 4 potions of resistance {unknown}
 E - 4 potions of attraction {unknown}
 N - a potion of ambrosia {unknown}
 P - a potion of invisibility {unknown}


   Skills:
 + Level 11.4 Fighting
 + Level 14.4 Maces & Flails
 + Level 2.0 Throwing
 + Level 11.6 Armour
 + Level 6.0 Shields
 + Level 1.0 Invocations


You had 11 spell levels left.
You didn't know any spells.
Your spell library contained the following spells:

 Spells                   Type           Power      Damage    Failure   Level
 Magic Dart               Conj           0%         1d3       98%         1
 Slow                     Hex            0%         N/A       98%         1
 Blink                    Tloc           0%         N/A       99%         2
 Ensorcelled Hibernation  Hex/Ice        0%         N/A       99%         2
 Passwall                 Tmut/Erth      0%         N/A       99%         2
 Searing Ray              Conj           0%         2d4       99%         2
 Confusing Touch          Hex            0%         N/A       100%        3
 Frozen Ramparts          Ice            0%         1d1       100%        3
 Swiftness                Air            0%         N/A       100%        3
 Vampiric Draining        Necr           0%         2d6       100%        3
 Fulminant Prism          Conj/Hex       0%         3d5       100%        4
 Leda's Liquefaction      Hex/Erth       0%         N/A       100%        4
 Manifold Assault         Tloc           0%         N/A       100%        4
 Petrify                  Tmut/Erth      0%         N/A       100%        4
 Lee's Rapid Deconstruct  Erth           0%         3d4*      100%        5
 Metabolic Englaciation   Hex/Ice        0%         N/A       100%        5
 Leda's Unmaking          Conj/Erth      0%         9d1       100%        6


Dungeon Overview and Level Annotations

Branches:
Dungeon (13/15)            Temple (1/1) D:6            Lair (2/5) D:9
    Orc (0/2) D:10
  Swamp: Lair:2-3    Shoals: Lair:2-3     Snake: Lair:2-3    Spider: Lair:2-3
 Vaults: D:13-14

Altars:
Ashenzari
Cheibriados
Dithmenos
Elyvilon
Fedhas
Gozag
Hepliaklqana
Kikubaaqudgha
Makhleb
Nemelex Xobeh
Okawaru
Qazlal
Ru
Sif Muna
Trog
Uskayaw
Vehumet
Wu Jian
Xom
Yredelemnul
Zin
The Shining One

Shops:
D:1 *   D:5 :   D:8 [   D:10 !((?

Annotations:
D:11 Gastronok


Innate Abilities, Weirdness & Mutations

You are immune to sickness and miasma.
Your stone body is resilient. (AC +8)
You are immune to poison.
You resist negative energy. (rN+)
You are resistant to electric shocks. (rElec)
You are resistant to unholy torment.
You are immune to petrification.


Message History

Magic restored.
You see here an anaconda corpse.
A wyvern comes into view.
The wyvern hisses angrily.
The wyvern closely misses you.
You bludgeon the wyvern!!
The wyvern is almost dead.
The wyvern bites you but does no damage.
You puncture the wyvern!
You kill the wyvern!
Okawaru accepts your kill.
Your Invocations skill increases to level 1!
No target in view!
A fire crab comes into view.
The fire crab breathes flames at you. The fire crab breathes flames at you.
The blast of flame engulfs you but does no damage.
You hit the fire crab but do no damage.
You are engulfed in blazing flames.
The fire crab bites you but does no damage.
The fire crab claws you but does no damage.
You impale the fire crab!!
The fire crab is heavily wounded.
You are engulfed in blazing flames.
You hit the fire crab but do no damage.
The fire crab is heavily wounded.
You are engulfed in blazing flames.
The fire crab bites you but does no damage.
The fire crab claws you but does no damage.
You barely miss the fire crab.
The fire crab is heavily wounded.
You are engulfed in blazing flames.
You hit the fire crab.
The fire crab is heavily wounded.
You are engulfed in blazing flames.
The fire crab bites you.
You are engulfed in flames!
The fire burns you terribly!
* * * LOW HITPOINT WARNING * * *
The fire crab claws you.
* * * LOW HITPOINT WARNING * * *
You are engulfed in flames!!
The fire burns you terribly!
You die...

### ###.P#########
........#....## ♣♣♣♣
..............## ♣♣[..
.[..............## ♣†P.P
.......÷.........## ###♣.♣♣.
..................## #....♣.P
.............@.....# #..♣♣♣♣♣
............t......## #....##.
............#.≈÷....###..#.##.
............#≈≈≈....†....#.###
.........##.≈≈≈~.......##### #
........####≈≈≈...######
........# #≈≈...##
.P......####≈~..###
..##...#...#≈≈....#


You could see a fire crab.

Vanquished Creatures
  Josephine (D:10)
  Fannar (D:10)
  A hydra (Lair:1)
  A two-headed ogre (D:11)
  An anaconda (Lair:1)
  A centaur warrior (D:13)
  An ugly thing (D:12)
  3 manticores
  A gargoyle (D:12)
  3 cane toads (Lair:1)
  2 rime drakes (D:11)
  A komodo dragon (Lair:1)
  4 trolls
  A hornet (D:10)
  9 blink frogs
  4 slime creatures (D:12)
  A shadow (D:10)
  3 wyverns
  3 vampires
  3 wraiths
  6 yaks (Lair:1)
  3 basilisks (Lair:1)
  3 steam dragons
  6 vampire mosquitoes
  A warg (D:10)
  2 acid dragons (D:12)
  4 water moccasins
  18 orc warriors
  A sky beast (D:6)
  2 black bears
  3 ogres
  2 centaurs
  A wolf (Lair:1)
  A kobold brigand (D:10)
  3 bullfrogs
  5 scorpions
  15 wights
  7 killer bees
  An electric eel (Lair:1)
  A howler monkey (D:6)
  10 orc priests
  6 hounds
  A gnoll bouda (D:5)
  3 iguanas
  10 orc wizards
  6 gnolls
  8 adders
  2 white imps (D:6)
  2 ufetubi
  2 worms (D:2)
  A dart slug (D:2)
  61 orcs
  6 bats
  4 endoplasms
  4 giant cockroaches
  12 hobgoblins
  3 jackals (D:3)
  6 quokkas
  3 frilled lizards
  17 goblins
  14 kobolds
  4 rats
315 creatures vanquished.

Notes
Turn   | Place    | Note
-------+----------+-------------------------------------------
     0 | D:1      | AdnanSaban the Gargoyle Fighter began the quest for the
                  | Orb.
     0 | D:1      | Reached XP level 1. HP: 14/14 MP: 1/1
   180 | D:1      | Reached XP level 2. HP: 19/19 MP: 2/2
   464 | D:1      | Found Fupud's General Store.
   471 | D:1      | Reached XP level 3. HP: 23/23 MP: 3/3
  1029 | D:2      | You fall into a shaft and drop 1 floor!
  1044 | D:3      | Reached skill level 3 in Maces & Flails
  1044 | D:3      | Reached XP level 4. HP: 7/29 MP: 4/4
  1044 | D:3      | Found an iron altar of Okawaru.
  1073 | D:3      | Became a worshipper of Warmaster Okawaru
  1497 | D:2      | Reached XP level 5. HP: 32/33 MP: 5/5
  1986 | D:3      | Found a hazy altar of Hepliaklqana.
  2030 | D:3      | Reached skill level 4 in Maces & Flails
  2337 | D:4      | Reached XP level 6. HP: 38/38 MP: 6/6
  3001 | D:5      | Entered Level 5 of the Dungeon
  3015 | D:5      | Found a sacrificial altar of Ru.
  3026 | D:5      | Reached skill level 5 in Maces & Flails
  3068 | D:5      | Reached * piety under Okawaru
  3069 | D:5      | Reached XP level 7. HP: 37/44 MP: 7/7
  3097 | D:5      | Found Mobough's Book Emporium.
  3288 | D:5      | Found a glowing silver altar of Zin.
  3627 | D:5      | Reached skill level 6 in Maces & Flails
  3627 | D:5      | Reached skill level 5 in Armour
  3753 | D:5      | Reached skill level 5 in Fighting
  3775 | D:6      | Reached XP level 8. HP: 47/49 MP: 8/8
  3935 | D:6      | Reached ** piety under Okawaru
  3991 | D:6      | Found a staircase to the Ecumenical Temple.
  4006 | D:6      | Reached skill level 7 in Maces & Flails
  4006 | D:6      | Reached skill level 5 in Shields
  4016 | Temple   | Entered the Ecumenical Temple
  4704 | D:6      | Reached skill level 8 in Maces & Flails
  4936 | D:7      | Found a shimmering altar of Xom.
  5053 | D:7      | Reached *** piety under Okawaru
  5054 | D:7      | Reached XP level 9. HP: 47/55 MP: 9/9
  5542 | D:8      | Reached skill level 9 in Maces & Flails
  5921 | D:8      | Found Wec Ryoto's Armour Shoppe.
  6478 | D:8      | Reached **** piety under Okawaru
  6649 | D:8      | Reached skill level 10 in Maces & Flails
  6694 | D:8      | Received a gift from Okawaru
  6923 | D:9      | Identified the +0 robe "Taydej" {+Inv Str+3 Int+3}
  6948 | D:9      | Reached XP level 10. HP: 28/61 MP: 10/10
  7610 | D:9      | Found a staircase to the Lair.
  7685 | D:9      | Reached skill level 1 in Throwing
  8012 | D:10     | Entered Level 10 of the Dungeon
  8063 | D:10     | Reached skill level 11 in Maces & Flails
  8087 | D:10     | Reached ***** piety under Okawaru
  8151 | D:10     | Found a staircase to the Orcish Mines.
  8262 | D:10     | Found Umehac's Weapon Emporium.
  8318 | D:10     | Found Nacypp's Weapon Shoppe.
  8357 | D:10     | Found Pec Ytuur's Distillery.
  8755 | D:10     | Identified the +1 pair of boots of the Doldrums {Harm rPois
                  | Int-4 SInv} (Okawaru gifted it to you on level 10 of the
                  | Dungeon)
  8755 | D:10     | Received a gift from Okawaru
  8928 | D:10     | Found Gaanex's Magic Scroll Boutique.
  8987 | D:11     | Noticed Gastronok
  8992 | D:11     | Noticed a two-headed ogre
  9123 | D:11     | Noticed Fannar
  9334 | D:12     | Noticed a manticore
  9351 | D:12     | Killed a manticore
  9619 | D:12     | Reached XP level 11. HP: 65/68 MP: 11/11
  9636 | D:12     | Reached skill level 12 in Maces & Flails
  9796 | D:12     | HP: 2/69 [orc warrior/+0 mace (9)]
 10406 | D:12     | Noticed a red ugly thing
 10434 | D:12     | Killed a red ugly thing
 11291 | D:11     | Noticed Josephine
 11468 | D:10     | Killed Josephine
 11469 | D:10     | Reached skill level 13 in Maces & Flails
 11469 | D:10     | Reached skill level 10 in Armour
 11571 | D:11     | Noticed a manticore
 11584 | D:11     | Killed a manticore
 11589 | D:11     | Noticed a two-headed ogre
 11600 | D:11     | Killed a two-headed ogre
 11600 | D:11     | Received a gift from Okawaru
 11687 | D:10     | Killed Fannar
 11885 | D:11     | Identified the +3 ring mail of Asceticism {+Blink Str+9
                  | Int-3} (Okawaru gifted it to you on level 11 of the
                  | Dungeon)
 11885 | D:11     | Received a gift from Okawaru
 11970 | D:11     | Reached XP level 12. HP: 77/77 MP: 12/12
 12094 | D:11     | Reached skill level 10 in Fighting
 12412 | D:13     | Noticed a centaur warrior
 12477 | D:13     | Killed a centaur warrior
 12549 | Lair:1   | Entered Level 1 of the Lair of Beasts
 12947 | Lair:1   | Reached skill level 14 in Maces & Flails
 13275 | Lair:1   | Noticed a four-headed hydra
 13313 | Lair:2   | Noticed a five-headed hydra
 13318 | Lair:1   | Killed a four-headed hydra
 13373 | Lair:1   | Noticed an anaconda
 13390 | Lair:1   | HP: 3/80 [anaconda (13)]
 13395 | Lair:1   | HP: 3/80 [anaconda (5)]
 13403 | Lair:1   | Killed an anaconda
 13405 | Lair:1   | Identified the quicksilver dragon scales of Lies {Drain
                  | rElec rN++ Will+} (Okawaru gifted it to you on level 1 of
                  | the Lair of Beasts)
 13405 | Lair:1   | Received a gift from Okawaru
 13478 | Lair:1   | Reached skill level 1 in Invocations
 13496 | Lair:1   | Slain by a fire crab

Illustrated notes

Levels and vault maps discovered:
D:1:      dpeg_arrival_rooms_c, layout_basic, serial_shops, nicolae_diamond_shop
D:2:      layout_rooms
D:3:      kennysheep_goblin_castle, layout_basic, mainiacjoe_overflow_alcove_4,
          mainiacjoe_overflow_six_doors_small
D:4:      layout_loops_cross
D:5:      layout_rooms, mainiacjoe_overflow_tiny_flanked,
          mainiacjoe_overflow_surrounded_room, serial_shops,
          nicolae_shop_tiny_waterfront, serial_corexii_hall,
          corexii_hall_statues_t, chequers_hall_statues_y
D:6:      layout_basic, temple_statues, grunt_ministairs_11, st_stairs_14
D:7:      layout_cave_pools, lemuel_round_altar
D:8:      layout_loops_ring, serial_shops, nicolae_shop_peninsula,
          grunt_ministairs_4
D:9:      layout_long_grid, dpeg_oklobed_lair
D:10:     layout_basic, erik_orc_4, serial_shops, nicolae_shop_gibbet_a_chance,
          nicolae_shop_rolling_square, nicolae_stop_n_shop_1,
          nicolae_shop_just_a_little_nook, grunt_decor_arrowhead
D:11:     layout_irregular_city, portal_ice_cave_rime, minivault_27,
          uniq_fannar, uniq_josephine, uniq_gastronok
D:12:     layout_loops_corners, special_room [special_room_orc]
D:13:     layout_small_grid, david_vaults_1, minmay_checkered_concentric_circles
Temple:   sentei_temple_godly_chess
Lair:1:   layout_gridlike, serial_forest, infiniplex_forest_zigzag_2,
          infiniplex_forest_end_double, infiniplex_forest_clump_cross,
          infiniplex_forest_diagonal, infiniplex_forest_end_double,
          infiniplex_forest_clump_small, infiniplex_forest_lined_3_way,
          nicolae_lair_lakeside_cave
Lair:2:   layout_loops_ring, nicolae_swamp_entry_splash_gauntlet,
          spider_nest_entry_webs

Skill      XL: |  1  2  3  4  5  6  7  8  9 10 11 12 |
---------------+-------------------------------------+-----
Maces & Flails | 3 4 5 6 8 10 11 13 14 | 14.4
Armour         | 4 5 6 7 9 10 11 | 11.6
Fighting       | 4 5 6 8 9 11 | 11.4
Shields        | 4 5 6 |  6.0
Throwing       | 1 2 |  2.0
Invocations    | 1 |  1.0

Action                     |  1- 3 |  4- 6 |  7- 9 | 10-12 || total
---------------------------+-------+-------+-------+-------++-------
  Melee: Flail             |    94 |   222 |   283 |    55 ||   654
         Dire flail        |       |       |   201 |   715 ||   916
  Throw: Boomerang         |       |       |     6 |    12 ||    18
 Invoke: Heroism           |       |       |       |     2 ||     2
Ability: Evoke Blink       |       |       |       |     1 ||     1
    Use: Scroll            |       |       |       |     2 ||     2
         Potion            |       |       |       |     1 ||     1
 Armour: Scale mail        |    57 |    66 |       |       ||   123
         Plate armour      |       |   112 |   419 |   582 ||  1113
         Skin              |       |     1 |       |       ||     1
  Dodge: Dodged            |    44 |    89 |   208 |   238 ||   579
  Block: Buckler           |    24 |    53 |    75 |     8 ||   160

Table legend: (Time is in decaauts)
 A = Elapsed time spent in this place.
 B = Non-inter-level travel time spent in this place.
 C = Inter-level travel time spent in this place.
 D = Time resting spent in this place.
 E = Time spent auto-exploring this place.
 F = Levels seen in this place.
 G = Mean time per level.
                   A        B        C        D        E       F      G
               +--------+--------+--------+--------+--------+-----+--------+
         Total |  13359 |  12702 |    657 |   1752 |   7933 |  16 |  834.9 |
       Dungeon |  12644 |  11995 |    649 |   1752 |   7505 |  13 |  972.6 |
        Temple |      1 |      1 |      0 |      0 |      0 |   1 |    1.0 |
          Lair |    712 |    705 |      7 |      0 |    428 |   2 |  356.0 |
               +--------+--------+--------+--------+--------+-----+--------+

Top non-repeatable levels by time:
    D:12: 2129 daAuts
     D:8: 1512 daAuts
     D:9: 1301 daAuts
    D:10: 1234 daAuts
     D:6: 1039 daAuts
    D:11: 971 daAuts
     D:3: 935 daAuts
     D:1: 858 daAuts
     D:5: 759 daAuts
  Lair:1: 710 daAuts
     D:4: 707 daAuts
     D:7: 581 daAuts
     D:2: 580 daAuts
    D:13: 32 daAuts
  Temple: 1 daAuts
